 Dungeon Crawl Stone Soup version 0.29.1-15-g9cfb28693d (webtiles) character file.

Game seed: 17300124427409034023

1229 protoss039 the Digger (level 8, 60/60 HPs)
             Began as a Demonspawn Earth Elementalist on Mar 17, 2023.
             Got out of the dungeon alive.
             The game lasted 00:08:32 (6441 turns).

protoss039 the Digger (DsEE)                        Turns: 6441, Time: 00:08:32

Health: 60/60      AC:  8    Str:  8    XL:     8   Next: 24%
Magic:  14/14      EV: 12    Int: 18    God:
Gold:   253        SH:  0    Dex: 15    Spells: 4/15 levels left

rFire   . . .      SeeInvis +   s - +2 hand axe (venom)
rCold   + + .      Faith    .   (no shield)
rNeg    . . .      Spirit   .   i - +0 leather armour
rPois   +          Reflect  .   g - +2 hat
rElec   .          Harm     .   v - +0 cloak
rCorr   .          Rampage  .   r - +1 pair of gloves
Will    .....                   (no boots)
Stlth   ++........              (no amulet)
HPRegen 0.20/turn               u - ring of protection from cold
MPRegen 0.14/turn               j - ring "Boighye" {rPois rC+ SInv}

@: studying Shields
A: claws 1, powered by pain 1, sanguine armour 1, demonic magic 2
a: no special abilities


You escaped.
You visited 1 branch of the dungeon, and saw 6 of its levels.

You collected 253 gold pieces.

Inventory:

Hand Weapons
 s - a +2 hand axe of venom (weapon)
Armour
 g - a +2 hat (worn)
 i - a +0 leather armour (worn)
 r - a +1 pair of gloves (worn)
 v - a +0 cloak (worn)
Jewellery
 j - the ring "Boighye" (right hand) {rPois rC+ SInv}
   (You acquired it on level 5 of the Dungeon)

   [ring of poison resistance]

   rC:        It protects you from cold.
   rPois:     It protects you from poison.
   SInv:      It lets you see invisible.
 u - a ring of protection from cold (left hand)
Scrolls
 c - a scroll of identify
 d - 2 scrolls of magic mapping
 k - a scroll of blinking {unknown}
 l - 4 scrolls of enchant armour
 m - a scroll of immolation {unknown}
 o - a scroll of fog {unknown}
 p - 3 scrolls of teleportation
 q - a scroll of fear {unknown}
 y - 3 scrolls of enchant weapon {unknown}
 B - 2 scrolls of poison {unknown}
 C - a scroll of noise {unknown}
Potions
 a - 2 potions of attraction
 b - a potion of magic
 e - 3 potions of curing {unknown}
 f - a potion of brilliance {unknown}
 h - a potion of invisibility {unknown}
 n - 2 potions of heal wounds {unknown}
 t - a potion of mutation {unknown}
 w - 3 potions of might
 x - a potion of resistance {unknown}
 z - 2 potions of flight {unknown}
 A - a potion of haste {unknown}
 D - a potion of ambrosia {unknown}


   Skills:
 + Level 4.1 Fighting
 * Level 2.7 Armour
 + Level 2.7 Dodging
 - Level 1.7 Stealth
 + Level 4.4 Spellcasting
 + Level 2.6 Conjurations
 * Level 2.4 Transmutations
 * Level 1.3 Fire Magic
 + Level 4.8 Earth Magic
 * Level 1.5 Poison Magic


You had 4 spell levels left.
You knew the following spells:

 Your Spells              Type           Power      Damage    Failure   Level
a - Sandblast             Erth           42%        2d11      2%          1
b - Passwall              Tmut/Erth      14%        N/A       7%          2
c - Stone Arrow           Conj/Erth      34%        3d9       13%         3
d - Wereblood             Tmut           12%        N/A       11%         2
e - Ignite Poison         Fire/Tmut/Pois 10%        N/A       28%         3

Your spell library contained the following spells:

 Spells                   Type           Power      Damage    Failure   Level
 Beastly Appendage        Tmut           24%        N/A       8%          1
 Shock                    Conj/Air       32%        1d5       12%         1
 Apportation              Tloc           6%         N/A       21%         1
 Necrotise                Necr           12%        1d4       21%         1
 Summon Small Mammal      Summ           12%        N/A       21%         1
 Conjure Flame            Conj/Fire      11%        6-21      26%         3
 Spider Form              Tmut/Pois      11%        N/A       26%         3
 Petrify                  Tmut/Erth      17%        N/A       41%         4
 Gell's Gravitas          Tloc           3%         N/A       52%         3
 Lesser Beckoning         Tloc           3%         N/A       52%         3
 Swiftness                Air            3%         N/A       52%         3
 Teleport Other           Tloc           3%         N/A       52%         3
 Tukima's Dance           Hex            3%         N/A       52%         3
 Animate Armour           Summ/Erth      24%        N/A       58%         4
 Sticky Flame             Conj/Fire      11%        2d3       65%         4
 Airstrike                Air            1%         2d(1-17)  89%         4
 Passage of Golubria      Tloc           3%         N/A       89%         4
 Yara's Violent Unravell  Hex/Tmut       4%         3d4       98%         5
 Lehudib's Crystal Spear  Conj/Erth      8%         10d4      100%        8


Dungeon Overview and Level Annotations

Branches:
Dungeon (6/15) Zot: 25677
 Temple: D:4-7

Altars:
Hepliaklqana
Makhleb
Qazlal
Trog
Wu Jian
Xom

Annotations:
D:4 1 runed translucent door, diceflayer's ghost, amateur DsHu


Innate Abilities, Weirdness & Mutations

You have sharp fingernails.
You sometimes gain a little power by taking damage.
When seriously injured, your blood forms armour. (AC +0)
Spells you cast may paralyse nearby enemies.


Message History

You kill the scorpion!
Unknown command.
No target in view!
Unknown command.
There is a stone staircase leading up here.
Done exploring.
Done exploring.
No target in view!
Done exploring.
Done exploring.
No target in view!
Done exploring.
Search for what [Enter for "."]? .
(D) Dungeon
Where to? (Enter - D:5 @ (x,y), ? - help)
What level of the Dungeon? (default 1, ? - help)
There is a stone staircase leading up here.
You climb upwards.
There is a stone staircase leading down here.
There is an open door here.
There is an open door here.
There is an open door here.
You see here a +0 giant spiked club.
There is an open door here.
There is a stone staircase leading up here.
You climb upwards.
Level annotation: 1 runed translucent door, diceflayer's ghost, amateur DsHu
There is a stone staircase leading down here.
There is a stone staircase leading up here.
You climb upwards.
There is a stone staircase leading down here.
There is a stone staircase leading up here.
You climb upwards.
There is a stone staircase leading down here.
There is a stone staircase leading up here.
You climb upwards.
There is a stone staircase leading down here.
There is a staircase leading out of the dungeon here.
Are you sure you want to leave the Dungeon?
This will make you lose the game!
You have escaped!

#..## ######.......#..##.#
##.#.###.......#.##.......#
#.###.##.#####.#.##.##.##.#
##.#.###.# #.#.##.##.#...
##.## #.# #...#.........
#.# #.# #.###..##.#...
###.####.# #.# #..#####.#
#......###♣# #.# #........#
#....#.##♣@♣ ### #.########
#...####♣..♣ #.#
#..#..##♣..##### #.########
#..#...##♣.♣#..# #.##......
#..#.##.♣.♣..#.###.##......
#.....##.♣####.....##...##.
########## ########......
#....#. ###......


There were no monsters in sight!

Vanquished Creatures
  A water moccasin (D:5)
  An ice beast (D:5)
  A phantom (D:6)
  Blork the orc (D:4)
  3 bullfrogs
  A scorpion (D:6)
  A howler monkey (D:5)
  2 vampire bats (D:5)
  A jelly (D:6)
  An orc priest (D:4)
  A hound (D:4)
  Natasha (thrice) (D:4)
  4 orc wizards
  8 adders
  8 gnolls
  2 ufetubi
  3 dart slugs
  19 orcs
  5 ball pythons
  6 endoplasms
  5 giant cockroaches
  5 goblins
  4 jackals
  2 quokkas
  11 bats
  A frilled lizard (D:1)
  6 kobolds
  A rat (D:3)
107 creatures vanquished.

Notes
Turn   | Place    | Note
-------+----------+-------------------------------------------
     0 | D:1      | protoss039 the Demonspawn Earth Elementalist began the
                  | quest for the Orb.
     0 | D:1      | Reached XP level 1. HP: 13/13 MP: 3/3
   360 | D:1      | Gained mutation: Spells you cast may paralyse adjacent
                  | enemies. [demonic ancestry]
   360 | D:1      | Reached XP level 2. HP: 20/20 MP: 3/5
   436 | D:1      | Found a faded altar of an unknown god.
   658 | D:1      | Reached skill level 1 in Fighting
  1084 | D:1      | Learned a level 2 spell: Passwall
  1474 | D:2      | Gained mutation: Spells you cast may paralyse nearby
                  | enemies. [demonic ancestry]
  1474 | D:2      | Reached XP level 3. HP: 26/26 MP: 6/6
  1992 | D:2      | Learned a level 3 spell: Stone Arrow
  2168 | D:3      | Noticed a bullfrog
  2174 | D:3      | Killed a bullfrog
  2175 | D:3      | Gained mutation: When seriously injured, your blood forms
                  | armour. (AC +0) [demonic ancestry]
  2175 | D:3      | Reached XP level 4. HP: 28/34 MP: 2/8
  2243 | D:3      | Found a burning altar of Makhleb.
  2315 | D:2      | Reached XP level 5. HP: 20/39 MP: 7/9
  2811 | D:3      | Found an ornate altar of the Wu Jian Council.
  3223 | D:4      | Noticed Natasha
  3230 | D:4      | Killed Natasha
  3273 | D:4      | Reached skill level 1 in Conjurations
  3312 | D:4      | Noticed Blork the orc
  3323 | D:4      | Killed Blork the orc
  3324 | D:4      | Gained mutation: You sometimes gain a little power by
                  | taking damage. [demonic ancestry]
  3324 | D:4      | Reached XP level 6. HP: 47/47 MP: 8/11
  3353 | D:4      | Found a runed translucent door.
  3356 | D:4      | Noticed diceflayer's ghost (amateur DsHu)
  3533 | D:4      | Noticed Natasha
  3544 | D:4      | Killed Natasha
  3935 | D:4      | Noticed Natasha
  3943 | D:4      | Killed Natasha
  4015 | D:5      | Entered Level 5 of the Dungeon
  4155 | D:5      | Noticed an ice beast
  4169 | D:5      | Killed an ice beast
  4170 | D:5      | Reached skill level 1 in Armour
  4170 | D:5      | Reached skill level 1 in Transmutations
  4170 | D:5      | Reached XP level 7. HP: 52/52 MP: 9/13
  4469 | D:5      | Found a stormy altar of Qazlal.
  4472 | D:5      | Found a bloodstained altar of Trog.
  4480 | D:5      | Found a shimmering altar of Xom.
  4483 | D:5      | Found a hazy altar of Hepliaklqana.
  4606 | D:5      | Identified a scroll of acquirement
  4607 | D:5      | Acquired the ring "Boighye" {rPois rC+ SInv}
  5136 | D:5      | Learned a level 2 spell: Wereblood
  5140 | D:5      | Learned a level 3 spell: Ignite Poison
  5926 | D:6      | Reached skill level 1 in Fire Magic
  5926 | D:6      | Reached skill level 1 in Poison Magic
  5926 | D:6      | Gained mutation: You have sharp fingernails. [demonic
                  | ancestry]
  5926 | D:6      | Reached XP level 8. HP: 52/60 MP: 11/14
  6441 | D:$      | Got out of the dungeon alive.

Illustrated notes

Levels and vault maps discovered:
D:1:      pf_arrival_petrified_forest, layout_loops_cross,
          shapermc_ecumenical_altar_notcrosses
D:2:      layout_basic, glass_columns_a
D:3:      layout_basic, lemuel_round_altar, mainiacjoe_overflow_alcove_1,
          serial_park_tiny_pond, minmay_misc_feat_alley
D:4:      layout_basic, mainiacjoe_overflow_surrounded_room,
          ebering_ghost_sewer_d, uniq_blork_the_orc, uniq_natasha
D:5:      layout_basic, grunt_temple_overflow_cloverleaf, serial_curves,
          eino_curves_04, eino_curves_04, roderic_batcave
D:6:      layout_cave_pods, minmay_misc_feat_plants

Skill      XL: |  1  2  3  4  5  6  7 |
---------------+----------------------+-----
Fighting       | 1 2 3 4 |  4.1
Earth Magic    | 3 4 |  4.8
Spellcasting   | 3 4 |  4.4
Conjurations   | 1 2 |  2.6
Armour         | 1 2 |  2.7
Dodging        | 2 |  2.7
Transmutations | 1 2 |  2.4
Fire Magic     | 1 |  1.3
Poison Magic   | 1 |  1.5
Stealth        | |  1.7

Action                   |  1- 3 |  4- 6 |  7- 9 || total
-------------------------+-------+-------+-------++-------
Melee: Short sword       |    44 |    37 |       ||    81
       Unarmed           |     1 |       |       ||     1
       Hand axe          |       |    28 |   105 ||   133
       Punch             |       |       |     2 ||     2
 Cast: Sandblast         |    32 |    52 |    13 ||    97
       Wereblood         |       |       |     1 ||     1
  Use: Scroll            |       |     2 |     5 ||     7
 Stab: Paralysed         |     2 |    20 |     4 ||    26
       Sleeping          |     1 |     3 |     1 ||     5
       Distracted        |     1 |       |       ||     1
Armor: Robe              |    11 |       |       ||    11
       Leather armour    |    14 |    36 |    72 ||   122
Dodge: Dodged            |    39 |    59 |   112 ||   210
